 Dungeon Crawl Stone Soup version 0.30.1-11-g7821555f0a (webtiles) character file.

Game seed: 14436368435951362316

2128 eliilek the Protected (level 9, -2/81 HPs)
             Began as a Minotaur Fighter on Nov 9, 2023.
             Was a High Priest of Ru.
             Killed from afar by an oklob plant (29 damage)
             ... with a splash of acid
             ... on level 6 of the Dungeon.
             The game lasted 00:17:09 (5866 turns).

eliilek the Protected (Minotaur Fighter)            Turns: 5866, Time: 00:17:10

Health: -2/81      AC:  3    Str: 23    XL:     9   Next: 8%
Magic:  8/8        EV:  7    Int:  5    God:    Ru [*****.]
Gold:   231        SH:  5    Dex: 12    Spells: 8/8 levels left

rFire   . . .        a - +6 flail (holy)
rCold   . . .        c - +0 buckler
rNeg    . . .        f - +0 plate armour
rPois   .            (helmet restricted)
rElec   .            b - +0 cloak
rCorr   .            (no gloves)
SInv    .            (no boots)
Will    .....        (no amulet) Stlth
                     (no ring)
HPRegen 0.33/turn    (no ring)
MPRegen 0.11/turn

%: no passive effects
@: corroded, unable to read
A: horns 2, inability to read after injury 2, inability to use devices, no air
magic, no hexes magic, no translocations magic, retaliatory headbutt
a: Renounce Religion, Draw Out Power, Power Leap, Apocalypse


You were on level 6 of the Dungeon.
You worshipped Ru.
Ru was extremely pleased with you.
You visited 1 branch of the dungeon, and saw 6 of its levels.
You also visited: Sewer.

You collected 231 gold pieces.

Inventory:

Hand Weapons
 a - a +6 flail of holy wrath (weapon)
Missiles
 l - 10 poisoned darts (quivered)
Armour
 b - a +0 cloak (worn)
 c - a +0 buckler (worn)
 f - a +0 plate armour (worn)
Wands
 r - a wand of light (10)
Scrolls
 e - a scroll of teleportation
 i - 5 scrolls of identify
 k - a scroll of vulnerability
 t - a scroll of blinking {unknown}
 u - 3 scrolls of poison
 v - a scroll of acquirement {unknown}
Potions
 d - 2 potions of might
 g - a potion of cancellation
 h - a potion of heal wounds
 j - a potion of haste {unknown}
 m - 2 potions of magic
 n - 2 potions of invisibility {unknown}
 o - 5 potions of curing {unknown}
 p - 3 potions of brilliance {unknown}
 q - a potion of attraction {unknown}
 s - 2 potions of degeneration {unknown}


   Skills:
 + Level 7.8 Fighting
 - Level 2.4 Long Blades
 * Level 6.6 Maces & Flails
 + Level 9.5 Armour
 - Level 7.0 Shields


You had 8 spell levels left.
You didn't know any spells.
Your spell library contained the following spells:

 Spells                   Type           Power      Damage    Failure   Level
 Freeze                   Ice            0%         1d3       100%        1
 Magic Dart               Conj           0%         1d3       100%        1
 Scorch                   Fire           0%         2d5       100%        2
 Frozen Ramparts          Ice            0%         1d1       100%        3
 Hailstorm                Conj/Ice       0%         3d3       100%        3
 Flame Wave               Conj/Fire      0%         2d4       100%        4
 Agony                    Necr           0%         N/A       100%        5
 Fireball                 Conj/Fire      0%         3d3       100%        5
 Iskenderun's Battlesphe  Conj           0%         2d6       100%        5
 Summon Cactus Giant      Summ           0%         N/A       100%        6
 Orb of Destruction       Conj           0%         9d5       100%        7
 Dazzling Flash           Conj/Hex       Unusable   N/A       N/A         3
 Silence                  Hex/Air        Unusable   N/A       N/A         5
 Conjure Ball Lightning   Conj/Air       Unusable   3x3d6     N/A         6

Dungeon Overview and Level Annotations

Branches:
Dungeon (6/15)              Sewer (visited)
 Temple: D:4-7

Altars:
Fedhas
Gozag
Kikubaaqudgha
Okawaru
Ru
Sif Muna
Vehumet

Shops:
D:4 [

Annotations:
D:6 exclusion: oklob plant


Innate Abilities, Weirdness & Mutations

You have a pair of horns on your head.
You sometimes lose the ability to read scrolls when taking damage.
You cannot study or use magical devices.
You cannot study or cast Air magic.
You cannot study or cast Hexes magic.
You cannot study or cast Translocations magic.
You reflexively headbutt those who attack you in melee.


Message History

The fungus is lightly damaged.
The oklob plant begins to attack, but is stunned by your conviction!
You completely miss the fungus.
The fungus is lightly damaged.
A nearby fungus withers and dies.
You sock the oklob plant!
The oklob plant is moderately damaged.
You hit the oklob plant.
The oklob plant is moderately damaged.
The oklob plant spits acid at you. The splash of acid hits you!
You hit the oklob plant.
The oklob plant is heavily damaged.
You completely miss the oklob plant.
The oklob plant is heavily damaged.
You hit the oklob plant.
The oklob plant is heavily damaged.
You hit the oklob plant.
You headbutt the oklob plant, but do no damage.
The oklob plant is heavily damaged.
The oklob plant spits acid at you. The splash of acid hits you!
The acid corrodes you!
You sock the oklob plant!
The oklob plant is severely damaged.
You hit the oklob plant but do no damage.
You headbutt the oklob plant.
The oklob plant is severely damaged.
The oklob plant spits acid at you. The splash of acid hits you!
The acid corrodes you!
You hit the oklob plant but do no damage.
The oklob plant is severely damaged.
You sock the oklob plant!
The oklob plant is almost destroyed.
The oklob plant spits acid at you. The splash of acid hits you!!
You feel threatened and lose the ability to read scrolls!
The acid corrodes you! The oklob plant spits acid at you.
The splash of acid hits you!!
You die...

P#.~≈≈~...~≈≈~.PP#
#PPPP.~~≈≈≈.~~≈≈~.PP#
#PP.P..~~≈~.~≈≈~..PPP
#PP#PP..~≈~.~≈~..P#PP
#PPPPP#..~~.~~..#PP#P


#PPPPP#P.......PPPPP# #....PPPP##.###PPPPP# #PP....P...#P#PP#P#PP
#PP@PP.##PP#PPPP#P.P #P#P..PP##PPPPP# PPP # ####### ###### ## You could see an
oklob plant.

Vanquished Creatures
  6 yaks (D:6)
  Edmund (D:5)
  A black bear (D:4)
  An ogre (D:5)
  A centaur (D:6)
  A kobold brigand (Sewer)
  2 scorpions
  A howler monkey (D:3)
  4 orc priests
  2 hounds (D:5)
  A gnoll bouda (D:6)
  Crazy Yiuf (D:3)
  An iguana (D:3)
  7 orc wizards
  4 adders
  7 gnolls
  4 river rats
  2 shadow imps
  7 worms
  A dart slug (D:5)
  11 orcs
  10 ball pythons
  5 bats
  8 endoplasms
  7 giant cockroaches
  12 goblins
  4 hobgoblins
  17 kobolds
  2 quokkas
  2 frilled lizards
  5 rats
138 creatures vanquished.

Vanquished Creatures (others)
  An iguana (D:5)
  A river rat (Sewer)
  A kobold (Sewer)
3 creatures vanquished.

Grand Total: 141 creatures vanquished

Notes
Turn   | Place    | Note
-------+----------+-------------------------------------------
     0 | D:1      | eliilek the Minotaur Fighter began the quest for the Orb.
     0 | D:1      | Reached XP level 1. HP: 19/19 MP: 0/0
    88 | D:1      | Found a faded altar of an unknown god.
   103 | D:1      | Prayed at the altar of an unknown god.
   103 | D:1      | Became a worshipper of Ru the Awakened
   106 | D:1      | Gained mutation: You cannot study or cast Air magic. [Ru
                  | sacrifice]
   106 | D:1      | Gained mutation: You cannot study or cast Hexes magic. [Ru
                  | sacrifice]
   106 | D:1      | Gained mutation: You cannot study or cast Translocations
                  | magic. [Ru sacrifice]
   106 | D:1      | Reached * piety under Ru
   231 | D:1      | Reached skill level 4 in Armour
   231 | D:1      | Reached XP level 2. HP: 27/27 MP: 1/1
   868 | D:2      | Reached XP level 3. HP: 33/33 MP: 2/2
  1385 | D:3      | Found a transporter.
  1387 | D:3      | Found an iron altar of Okawaru.
  1387 | D:3      | Found a transporter.
  1607 | D:3      | Reached XP level 4. HP: 31/40 MP: 3/3
  1608 | D:3      | Reached skill level 5 in Armour
  1646 | D:3      | Found a sacrificial altar of Ru.
  2045 | D:3      | Reached XP level 5. HP: 47/47 MP: 4/4
  2113 | D:3      | Found a runed translucent door.
  2114 | D:3      | Noticed Crazy Yiuf
  2122 | D:3      | HP: 1/47 [poisoned by Crazy Yiuf]
  2126 | D:3      | Killed Crazy Yiuf
  2127 | D:3      | Reached skill level 6 in Armour
  2149 | D:3      | Gained mutation: You occasionally lose the ability to read
                  | scrolls when taking damage. [Ru sacrifice]
  2149 | D:3      | Gained mutation: You sometimes lose the ability to read
                  | scrolls when taking damage. [Ru sacrifice]
  2149 | D:3      | Reached ** piety under Ru
  2642 | D:3      | Reached skill level 5 in Fighting
  2642 | D:3      | Reached skill level 5 in Shields
  2644 | D:3      | Reached XP level 6. HP: 18/56 MP: 5/5
  2970 | D:4      | Reached skill level 7 in Armour
  3051 | D:4      | You fall into a shaft and drop 1 floor!
  3051 | D:5      | Entered Level 5 of the Dungeon
  3188 | D:5      | Reached XP level 7. HP: 57/62 MP: 6/6
  3247 | D:5      | Found a glowing drain.
  3259 | Sewer    | Entered a sewer
  3747 | D:5      | Noticed Edmund
  3757 | D:5      | Killed Edmund
  3758 | D:5      | Reached skill level 8 in Armour
  3905 | D:5      | Reached skill level 1 in Maces & Flails
  4184 | D:4      | Found Emout's Armour Boutique.
  4700 | D:5      | Gained mutation: You cannot study or use magical devices.
                  | [Ru sacrifice]
  4700 | D:5      | Reached *** piety under Ru
  4700 | D:5      | Reached **** piety under Ru
  4700 | D:5      | Reached ***** piety under Ru
  4957 | D:5      | Found a radiant altar of Vehumet.
  4969 | D:5      | Reached XP level 8. HP: 71/71 MP: 7/7
  4987 | D:5      | Got Vehumet's Incunable of Blasting
  4994 | D:5      | Found an ancient bone altar of Kikubaaqudgha.
  5002 | D:5      | Found a shimmering blue altar of Sif Muna.
  5400 | D:6      | Found an opulent altar of Gozag.
  5526 | D:6      | Reached skill level 9 in Armour
  5531 | D:6      | Reached skill level 5 in Maces & Flails
  5542 | D:6      | Reached XP level 9. HP: 20/80 MP: 8/8
  5764 | D:6      | Found a blossoming altar of Fedhas.
  5783 | D:6      | Noticed an oklob plant
  5866 | D:6      | Killed from afar by an oklob plant

Illustrated notes

Levels and vault maps discovered:
D:1:      mrwooster_arrival_statue_3, layout_loops_ring,
          ebering_ecumenical_altar_webs
D:2:      layout_loops_ring, hangedman_abyss_or_decor_stabs, serial_bayou_lake_a
D:3:      corexii_shack_village, layout_basic, gammafunk_temple_overflow_arena,
          lemuel_crystal_altar, serial_aquarium, aquarium_bridge_straight
          [aquarium_subvault_bridge, aquarium_subvault_wall,
          aquarium_subvault_bridge, aquarium_subvault_balcony],
          aquarium_bridge_square [aquarium_subvault_window,
          aquarium_subvault_wall, aquarium_subvault_bridge,
          aquarium_subvault_bridge], aquarium_window_fake,
          aquarium_window_corner, aquarium_view_2d, aquarium_view_2c,
          aquarium_balcony_1b, aquarium_pool_double, uniq_crazy_yiuf_cottage
D:4:      layout_loops_ring, nicolae_ossuary_entry_plus, serial_shops,
          nicolae_inconvenience_store
D:5:      layout_basic, palyth_temple_overflow_mages, lightli_sewer_entry_pipes,
          kennysheep_another_room, uniq_edmund
D:6:      layout_rooms, grunt_gozag_statues, tgw_fedhas, grunt_ministairs_9,
          chequers_garden, kennysheep_decorative_pillar

Skill      XL: |  1  2  3  4  5  6  7  8 |
---------------+-------------------------+-----
Armour         | 4 5 6 7 8 9 |  9.5
Fighting       | 4 5 6 7 |  7.8
Shields        | 4 5 6 7 |  7.0
Maces & Flails | 2 6 |  6.6
Long Blades    | |  2.4

Action                     |  1- 3 |  4- 6 |  7- 9 || total
---------------------------+-------+-------+-------++-------
  Melee: Long sword        |   103 |   105 |   136 ||   344
         Headbutt          |    15 |    22 |    65 ||   102
         Flail             |       |       |   182 ||   182
 Invoke: Sacrifice Arcana  |     1 |       |       ||     1
         Sacrifice Words   |       |     1 |       ||     1
         Sacrifice Artific |       |       |     1 ||     1
    Use: Potion            |       |     3 |     1 ||     4
         Scroll            |       |     5 |       ||     5
   Stab: Distracted        |       |     1 |       ||     1
         Invisible         |       |       |     2 ||     2
 Armour: Plate armour      |    76 |    63 |   106 ||   245
  Dodge: Dodged            |    27 |    25 |    57 ||   109
  Block: Buckler           |    23 |    31 |    45 ||    99
